Cogmind - Beta 16 @@@ ROGUE MODE // 2025.11.08 @ 22:00:11 Player: opdo Result: Destroyed by LH-QUW(R) with Subdweller Shrapnel Launcher Performance ------------- Evolutions (0) 0 Regions Visited (2) 400 Robots Destroyed (20) 100 Value Destroyed (399) 399 Prototype IDs (0) 0 Alien Tech Used (0) 0 Bonus (-21) -21 TOTAL SCORE: 878 Bonus ------- Friendly Fire -21 Cogmind --------- Core Integrity 0/250 Matter 292/300 Energy 150/150 System Corruption 0% Temperature Cool (0) Movement Walking (130) Location -10/Subcaves Parts ------- > --- POWER (1) -------- Light Angular Momentum Engine > --- PROPULSION (2) --- Makeshift Leg Myomer Leg > --- UTILITY (2) ------ Terrain Scan Processor Makeshift Light Armor Plating > --- WEAPON (2) ------- Light Assault Rifle Hammer > --- INVENTORY (5) ---- Subdweller Power Source Light Treads Improved Targeting Computer Utility Shielding Bore Cannon Peak State ------------ > --- POWER ------------ Light Angular Momentum Engine > --- PROPULSION ------- Makeshift Leg Myomer Leg > --- UTILITY ---------- Terrain Scan Processor Makeshift Light Armor Plating > --- WEAPON ----------- Light Assault Rifle Hammer > --- INVENTORY -------- Subdweller Power Source Light Treads Improved Targeting Computer Utility Shielding Bore Cannon [Rating: 25] Favorites ----------- Power Ion Engine Engine Ion Engine Propulsion Light Treads Treads Light Treads Leg Myomer Leg Utility Small Storage Unit Device Terrain Scanner Storage Small Storage Unit Processor Terrain Scan Processor Protection Utility Shielding Weapon Light Assault Rifle Ballistic Gun Light Assault Rifle Impact Weapon Hammer Build | -11 -10 -10 ------- Run | Yrd Mat Sub Slots Evolved . | . . . Power . | . . . Propulsion . | . . . Utility . | . . . Weapon . | . . . Parts Attached 26 | 6 8 12 Power 4 | 1 . 3 Engine 4 | 1 . 3 Core . | . . . Reactor . | . . . Propulsion 7 | 2 2 3 Treads 4 | 2 2 . Leg 3 | . . 3 Wheel . | . . . Hover . | . . . Flight . | . . . Utility 8 | 1 2 5 Device 2 | . 1 1 Storage 1 | 1 . . Processor 2 | . . 2 Hackware . | . . . Protection 3 | . 1 2 Artifact . | . . . Weapon 7 | 2 4 1 Energy Gun . | . . . Energy Cannon . | . . . Ballistic Gun 6 | 2 3 1 Ballistic Cannon . | . . . Launcher . | . . . Special Weapon . | . . . Impact Weapon 1 | . 1 . Slashing Weapon . | . . . Piercing Weapon . | . . . Special Melee Weapon . | . . . Unidentified Prototypes . | . . . Parts Lost 5 | . . 5 Power 2 | . . 2 Propulsion . | . . . Utility 2 | . . 2 Weapon 1 | . . 1 Highest Loss Streak 4 | . . 4 To Critical Strikes . | . . . Average Backups 5 | 1 7 4 Power . | . 1 . Propulsion 1 | . 1 1 Utility 2 | . 3 2 Weapon . | . 1 . Tool/Special . | . . . Unused Backups 9 | . 3 6 Power 1 | . . 1 Propulsion 4 | . 2 2 Utility 3 | . 1 2 Weapon 1 | . . 1 Tool/Special . | . . . Average Slot Usage (%) 96 | . 98 95 Engine 13 | . 14 13 Treads 16 | . 28 5 Leg 11 | . . 22 Device 3 | . 1 4 Storage 7 | . 14 . Processor 5 | . . 10 Protection 9 | . 11 8 Ballistic Gun 21 | . 26 16 Impact Weapon 6 | . 1 11 Peak Build Rating 25 | 6 8 25 Average Rating 13 | 4 7 18 On Entrance 4 | . 6 8 Avg Prop Armor Cover (%) . | . . . Naked Turns . | . . . Heaviest Build 28 | 14 15 28 Greatest Support 45 | 40 40 45 Greatest Overweight (x) 1 | 1 . . Average Overweight (x) . | . . . Largest Inventory Capacity 8 | 8 8 8 Average Capacity 6 | 7 8 5 Most Carried 8 | 3 8 8 Average Carried 5 | 1 7 4 Final Capacity 8 | 8 8 5 Final Carried 8 | 3 8 5 Class Distribution -------------------- 68% | Mutant 31% | Scavenger-Mutant Dominant Class ---------------- Mutant | -10/Materials Scavenger-Mutant | -10/Subcaves Resources | -11 -10 -10 ----------- Run | Yrd Mat Sub Matter Collected 760 | 134 376 250 Remotely . | . . . Salvage Created 648 | . 550 98 Parts 41 | . 37 4 Haulers Intercepted 2 | . 2 . Recyclers Shooed 1 | . 1 . Parts Field Recycled . | . . . Retrieved Matter . | . . . Parts Self-Destructed 9 | . . 9 Prevented . | . . . Parts Restored . | . . . Kills | -11 -10 -10 ------- Run | Yrd Mat Sub Combat Hostiles Destroyed 12 | . 10 2 Melee 1 | . . 1 Guns 11 | . 10 1 Classes Destroyed 8 | . 5 3 Worker 1 | . 1 . Builder 4 | . 4 . Hauler 2 | . 2 . Turret 1 | . . 1 Swarmer 4 | . 3 1 Grunt 7 | . 7 . Artisan 1 | . . 1 Subdweller 1 | . . 1 Best Kill Streak 5 | . 5 1 Combat Bots Only 5 | . 5 1 Max Kills in Single Turn 2 | . 2 1 Gunslinging 1 | . 1 . Exploded . | . . . Melee 1 | . . 1 Uniques/NPCs Destroyed . | . . . Combat | -11 -10 -10 -------- Run | Yrd Mat Sub Hostile Shots Fired 111 | . 38 73 Missed 29 | . 10 19 Hits 82 | . 28 54 Projectile 82 | . 28 54 AOE 1 | . . 1 Critical Strikes 2 | . 1 1 Damage Taken 1411 | . 359 1052 Core 272 | . 31 241 Absorbed by Shields . | . . . Core Remaining (%) 100 | 100 . . Volleys Fired 78 | . 54 24 Largest 2 | . 2 2 Hottest 50 | . 40 50 Shots Fired 139 | . 108 31 Gun 139 | . 108 31 Cannon . | . . . Launcher . | . . . Special . | . . . Kinetic 139 | . 108 31 Thermal . | . . . Explosive . | . . . Electromagnetic . | . . . Robot Hit Streak 8 | . 8 8 Robot Miss Streak 3 | . 3 2 Penetration Max . | . . . Secondary Targets 1 | . 1 . Max Gunslinging Chain 1 | . 1 . Shots Hit Robots 102 | . 67 35 Core Hits 40 | . 30 10 Critical Kills 2 | . 2 . Critical Parts Destroyed 1 | . . 1 Critical Strikes 4 | . 2 2 Destroy 2 | . 2 . Smash 2 | . . 2 Melee Attacks 73 | . 21 52 Impact 73 | . 21 52 Slashing . | . . . Piercing . | . . . Sneak Attacks 3 | . 1 2 Combat Hostiles . | . . . Follow-up Attacks . | . . . Damage Inflicted 1371 | . 799 572 Guns 1000 | . 739 261 Cannons . | . . . Explosions . | . . . Melee 369 | . 58 311 Ramming 2 | . 2 . Kinetic 1000 | . 739 261 Thermal . | . . . Explosive . | . . . Electromagnetic . | . . . Impact 369 | . 58 311 Slashing . | . . . Piercing . | . . . Highest Corruption . | . . . Average Corruption . | . . . Corruption Purged . | . . . Corruption Blocked . | . . . Overload Shots . | . . . Overflow Damage 97 | . 38 59 Projectiles . | . . . Explosions . | . . . Melee 97 | . 38 59 Knockbacks 4 | . . 4 Impact 4 | . . 4 Kinetic . | . . . Secondary . | . . . Self-Inflicted Damage . | . . . Shots . | . . . Rammed 1 | . 1 . Targets Rammed 1 | . 1 . Kicked . | . . . Crushed . | . . . Highest Temperature 241 | . 20 241 Average Temperature 54 | . 6 125 Received Heat Transfer 664 | . 153 511 Siege Activations . | . . . Martial Activations . | . . . Shielding Activations . | . . . Robots Disrupted . | . . . Combat Hostiles . | . . . Robots Corrupted 2 | . 1 1 Combat Hostiles . | . . . Parts Fried 3 | . 3 . Impact Corruptions 4 | . 1 3 Robots Melted . | . . . Combat Hostiles . | . . . Parts Melted . | . . . Heat Transferred . | . . . Parts Sabotaged . | . . . Parts Stolen . | . . . Parts Stripped . | . . . Power Chain Reactions . | . . . Alert | -11 -10 -10 ------- Run | Yrd Mat Sub Maximum Alert Level . | . . . Low Security (%) 100 | 100 100 . Level 1 . | . . . Level 2 . | . . . Level 3 . | . . . Level 4 . | . . . Level 5 . | . . . High Security . | . . . Max Security . | . . . Peak Influence 120 | . 120 . Initial . | . . . Average 33 | . 35 . Influence Increases 504 | . 329 175 Destroy 0b10 Robot/C 240 | . 200 40 Destroy 0b10 Robot/NC 35 | . 35 . Destroy Leader 54 | . 54 . Successful Hack 24 | . 24 . Destroy Structure 1 | . 1 . Lose Combat Pursuer 150 | . 15 135 Influence Decreases 504 | . 329 175 Time Decay 504 | . 329 175 Squads Dispatched 2 | . 2 . Investigation . | . . . Extermination . | . . . Reinforcement 2 | . 2 . Assault . | . . . Garrison . | . . . Intercept . | . . . Searches Triggered . | . . . Construction Impeded . | . . . Haulers Reinforced . | . . . Active Scanning Responses . | . . . Cargo Convoy Interrupts . | . . . Stealth | -11 -10 -10 --------- Run | Yrd Mat Sub Distress Signals 1 | . 1 . Communications Jammed . | . . . Distress Signals . | . . . Times Spotted 44 | . 19 25 Peak Tracking Total 8 | . 6 8 Tactical Retreats 4 | . 1 3 Traps | -11 -10 -10 ------- Run | Yrd Mat Sub Traps Triggered 1 | . 1 . Indirectly . | . . . Trap Hack Attempts . | . . . Triggered . | . . . Disarmed . | . . . Reprogrammed . | . . . Reused . | . . . Traps Extracted . | . . . Installed . | . . . Triggered . | . . . Machines | -11 -10 -10 ---------- Run | Yrd Mat Sub Machines Disabled . | . . . Max in Single Turn . | . . . Machines Repaired . | . . . Machines Dismantled . | . . . Machines Sabotaged . | . . . Overloaded Fab Kills . | . . . Hacking | -11 -10 -10 --------- Run | Yrd Mat Sub Machines Accessed 5 | . 5 . Terminals 5 | . 5 . Fabricators . | . . . Repair Stations . | . . . Recycling Units . | . . . Scanalyzers . | . . . Garrison Access . | . . . Total Hacks 13 | . 13 . Successful 6 | . 6 . Failed 7 | . 7 . Catastrophic 1 | . 1 . Database Lockouts . | . . . Manual 13 | . 13 . Terminals 13 | . 13 . Fabricators . | . . . Repair Stations . | . . . Recycling Units . | . . . Scanalyzers . | . . . Garrison Access . | . . . Terminal Hacks . | . . . Fabricator Hacks . | . . . Repair Station Hacks . | . . . Recycling Unit Hacks . | . . . Scanalyzer . | . . . Garrison Access Hacks . | . . . Unauthorized Hacks 6 | . 6 . Terminals 6 | . 6 . Botnet 1 | . 1 . Skim 5 | . 5 . Fabricators . | . . . Repair Stations . | . . . Recycling Units . | . . . Scanalyzers . | . . . Garrison Access . | . . . Data Cores Recovered . | . . . Used . | . . . Hacking Detections 5 | . 5 . Full Trace Events . | . . . Feedback Events . | . . . Feedback Blocked . | . . . Robot Schematics Acquired . | . . . Robots Built . | . . . Authchips . | . . . Time . | . . . Total Robot Build Rating . | . . . Part Schematics Acquired . | . . . Parts Built . | . . . Authchips . | . . . Time . | . . . Total Part Build Rating . | . . . Part Studies Acquired . | . . . Parts Repaired . | . . . Time . | . . . Parts Recycled . | . . . Recycled Matter . | . . . Retrieved Matter . | . . . Retrieved Components . | . . . Parts Scanalyzed . | . . . Part Schematics Acquired . | . . . Parts Damaged . | . . . Bothacking | -11 -10 -10 ------------ Run | Yrd Mat Sub Used RIF Installer . | . . . Robots Hacked . | . . . Non-combat . | . . . Combat . | . . . Robot Hacks Applied . | . . . Relay Couplers Released . | . . . Fabnet Peak Effective % . | . . . Robots Rewired . | . . . Allies Hacked . | . . . Hacks Repelled . | . . . Allies | -11 -10 -10 -------- Run | Yrd Mat Sub Total Allies . | . . . Largest Group . | . . . Highest-Rated Group . | . . . Highest-Rated Ally . | . . . Total Orders . | . . . Ally Attacks . | . . . Total Damage . | . . . Kills . | . . . Allies Corrupted . | . . . Allies Melted . | . . . Intel | -11 -10 -10 ------- Run | Yrd Mat Sub Active Infowar (turns) 358 | . . 358 Terrain 358 | . . 358 Robot Analysis Total . | . . . Derelict Logs Recovered 1 | . . 1 Drone Launches . | . . . Drone Recoveries . | . . . Exploration | -11 -10 -10 ------------- Run | Yrd Mat Sub Turns Passed 2366 | 79 1118 1169 Spaces Moved 1324 | 45 537 742 Core 5 | 5 . . Treads 685 | 40 537 108 Legs 634 | . . 634 Wheels . | . . . Hover . | . . . Flight . | . . . Fastest Speed 50 | 50 160 120 Average Speed 141 | 152 160 127 Slowest Speed 160 | 160 160 160 Overloaded Moves . | . . . Propulsion Burnouts . | . . . Robots Hopped . | . . . Potential Cave-ins . | . . . Cave-ins Triggered . | . . . Exploration Rate (%) 39 | 4 81 33 Regions Visited 2 Branch Regions 1 Pre-discovered Areas 2 | . 1 1 Known Exits Taken . | . . . Unknown Exits Taken 2 | 1 1 . Scrap Searched 7 | . . 7 Spaces Dug 4 | . 2 2 Terrain Destroyed 4 | . 2 2 Melee 4 | . 2 2 Projectile . | . . . AOE . | . . . Terrain Rammed . | . . . Walls Destroyed . | . . . Machines Disabled . | . . . Actions | -11 -10 -10 --------- Run | Yrd Mat Sub Total 1560 | 53 662 845 Wait 29 | . 24 5 Move 1322 | 44 536 742 Hop . | . . . Pick Up 15 | 3 9 3 Fast Attach 12 | 6 1 5 Attach 2 | . . 2 Detach . | . . . Swap 15 | . 7 8 Drop 13 | . 9 4 Fire 78 | . 54 24 Melee 73 | . 21 52 Ram . | . . . Kick . | . . . Crush 1 | . 1 . Escape Stasis . | . . . Rewire . | . . . Trap . | . . . Miscellaneous . | . . . Route ------- -11/Scrapyard -10/Materials (discovered 5 exits: *Mat x3 / *Min / [*Sub]) -10/Subcaves (discovered 3 exits: *Mat x2 / *Rec) History --------- Turn | Location | Event 55 | -11/Scrapyard | Discovered new exit (range 12) 80 | -11/Scrapyard | Entered Materials 309 | -10/Materials | Build established: Mutant 580 | -10/Materials | Discovered new exit (range 7) 841 | -10/Materials | Discovered new exit (range 8) 861 | -10/Materials | Identified exit to Materials 861 | -10/Materials | Identified exit to Mines 935 | -10/Materials | Loaded intel: 8 trap records 966 | -10/Materials | Learned location of 2 exits from Subcaves 985 | -10/Materials | Learned Storage emergency access door positions 1015 | -10/Materials | Learned 4 Subcaves zone layouts 1194 | -10/Materials | Discovered new exit (range 3) 1198 | -10/Materials | Entered Subcaves 1199 | -10/Subcaves | Identified exit to Recycling 1199 | -10/Subcaves | Identified exit to Materials 1359 | -10/Subcaves | Ambushed by Subdwellers from Twisted Machinery 1369 | -10/Subcaves | Ambushed by swarm of Subdwellers 1402 | -10/Subcaves | Core integrity fell below 50% 1435 | -10/Subcaves | Lost 4 parts (2p1u1w) 1769 | -10/Subcaves | Build established: Scavenger-Mutant 2103 | -10/Subcaves | Shifting Twisted Machinery released Battle Rifle 2185 | -10/Subcaves | Disturbed a concealed Subdweller 2264 | -10/Subcaves | Learned location of Storage (-9) 2281 | -10/Subcaves | Discovered exit to Materials (range 3) 2356 | -10/Subcaves | Core integrity fell below 20% 2367 | -10/Subcaves | Destroyed by LH-QUW(R) with Subdweller Shrapnel Launcher Last Messages --------------- 02199_ Acquired Mak. Light Armor Plating. 02200_ Acquired 20 matter. 02207_ Searching scrap... 02207_ Found Shrapnel Trap. 02207_ Found 69 Matter. 02242_ Searching scrap... 02242_ Found Sub. Beam Cannon. 02242_ Found 33 Matter. 02243_ Searching scrap... 02243_ Found Battle Rifle. 02243_ Found Sub. Power Source. 02243_ Found 47 Matter. 02245_ Searching scrap... 02245_ Found Sub. Monowheel. 02245_ Found 31 Matter. 02264_ Acquired derelict log, extracted data. World map updated: -9/Storage. 02281_ EXIT=FOUND: MATERIALS 02346_ OC-JBX(R) angrily emerges from the Twisted Machinery. Map ----- +----------------------------------------------------+ | ?????????????????????????????????????????????????? | | ?????????????????????????????????????????????????? | | ?????????????????????????????????????????????????? | | ?????????????????????????????????????????????????? | | ?????????????????????????????????????????????????? | | ?????????????????????????????????????????????????? | | ?????????????????????????????????????????????????? | | ?????????????????????????????????????????????????? | | ?#???????????????????????????????????????????????? | | ???##???#????????????????????????????????????????? | | #????????????????????????????????????????????????? | | #?????????#??????????????????#"####??????????????? | | ?????#???????????????????????# " ###??########?# | | #??????????#?????????????????# #### ## ### | | ????#?#???#??????????????????# " < | | #??####?#???#????????????????#& & | | ###? #?#?#??#?#???######???### " ## ## ### | | ? # ??#???????#??#%=%"##?## ###" ## #### ##?# | | ## ?##???#???###?##"%*[### ## #?## ##?## | | "## #?#????##### ##?####]## ## ## #?# ### | | "#[####?#?# #?# &<& ### ##?# | | =]%& ####### #### ## R### ## | | "##&% # < <# R # | | ## # | | # ##### ## | | # ## ###???# #### @ ### ########### | | #########???#####??#########?#####?????????#### | | ???#??#???????????????????????????????????????#### | | ##???#???????????????????????????????????????????? | | ?????#???????????????????????????????????????????? | | ####?#???????#???????????????????????????????????? | | ??#???#??####????????????????????????????????????? | | #????????#???????????????????????????????????????? | | ??????#??????????????????????????????????????????? | | ?????????????????????????????????????????????????? | | ?#?#?????????????????????????????????????????????? | | ?????????????????????????????????????????????????? | | ?????????????????????????????????????????????????? | | ?????????????????????????????????????????????????? | | ?????????????????????????????????????????????????? | | ?????????????????????????????????????????????????? | | ?????????????????????????????????????????????????? | | | | | | | | | | | | | | | | | +----------------------------------------------------+ Best States ------------- Heat Dissipation 35 Energy Generation 18 Energy Capacity 250 Matter Stores 300 Matter Capacity 300 Sight Range 16 Terrain Scan Range 14 Terrain Scan Density 85 Armor Coverage 800 Utility Shielding 33 Evasion (%) 55 Armor Integrity Analysis 30 Recoil Reduction 2 Item Schematics ----------------- None Robot Schematics ------------------ None Fabricated ------------ Nothing Repaired ---------- Nothing Studied --------- None Alien Tech Used ----------------- None Achievements -------------- None Challenges ------------ None Game ------ Seed CoreDerelictShielding Manual? 0 Play Time 00:15:47 Cumulative 126.2 hours Start 2025.11.08 @ 21:47:25 End 2025.11.08 @ 22:00:11 Sessions 1 Manual Loads 0 Difficulty Rogue Special Mode None Game No. 319 Rogue 317 Adventurer 2 Explorer 0 Win Type - Total 1 Types 1/0/0/0/0/0/0/0/0/0 Lore% 80 Gallery% 62 Achievement% 40 Wizard Run 0 Options --------- Layout 2 ASCII 0 Keyboard 0 Movement Numpad Keybinds 0 Fullscreen 2 Font 24/Smallcaps Map View 50x44 Zoom Use 0% Tactical HUD 1 Map Filters NONE Filters NONE Steam 1 RUN: 0e91713a-c015-44e8-a7d1-1afec7e5dce5